 Dungeon Crawl Stone Soup version 0.19.0 (webtiles) character file.

140 Buncs the Sneak (level 5, -2/36 HPs)
             Began as an Octopode Assassin on Nov 10, 2016.
             Slain by a scorpion (5 damage)
             ... on level 3 of the Dungeon.
             The game lasted 00:08:53 (2757 turns).

Buncs the Sneak (Octopode Assassin)                 Turns: 2757, Time: 00:08:54

Health: -2/36      AC:  1    Str: 10    XL:     5   Next: 22%
Magic:  5/5        EV: 14    Int: 18    God:
Gold:   55         SH:  0    Dex: 17    Spells: 0 memorised, 4 levels left

rFire  . . .     SeeInvis .     a - +2 dagger
rCold  . . .     Gourm    .     (no shield)
rNeg   . . .     Faith    .     (helmet restricted)
rPois  .         Spirit   .     (no amulet)
rElec  .         Reflect  .     (no ring)
rCorr  .         Harm     .     (no ring)
MR     .....                    (no ring)
Stlth  ++++......               (no ring)
                                (no ring)
                                (no ring)
                                (no ring)
                                (no ring)

@: brilliant, lethally poisoned (-2 -> -7)
A: almost no armour, stealthy swim, amphibious, 8 rings, constrict 8, camouflage
1, agile 1, mutation resistance 1, gelatinous body 1
a: no special abilities


You were on level 3 of the Dungeon.
You were not hungry.

You visited 1 branch of the dungeon, and saw 4 of its levels.

You collected 55 gold pieces.

Inventory:

Hand Weapons
 a - a +2 dagger (weapon)
 b - a +0 blowgun
 m - a +4 short sword
Missiles
 c - 25 poisoned needles
 d - 2 curare-tipped needles
Armour
 l - a cursed +0 robe
Scrolls
 g - a scroll of identify {unknown}
Potions
 h - a potion of mutation
Comestibles
 f - a bread ration
 i - a meat ration
 j - a beef jerky


   Skills:
 + Level 3.3 Fighting
 + Level 3.3 Short Blades
 - Level 2.0 Throwing
 + Level 2.0 Dodging
 + Level 6.2 Stealth


You had 4 spell levels left.
You didn't know any spells.

Dungeon Overview and Level Annotations

Branches:
Dungeon (4/15)
 Temple: D:4-7

Altars:
Fedhas


Innate Abilities, Weirdness & Mutations

You cannot wear most types of armour.
You are very stealthy in the water. (Stealth+)
You are amphibious.
You can wear up to eight rings at the same time.
You can use your tentacles to constrict eight enemies at once.
Your skin changes colour to match your surroundings (Stealth+).
Your rubbery body absorbs attacks. (AC +1, EV +1)
You are agile. (Dex +2)
You are somewhat resistant to further mutation.


Message History

You feel sick. The scorpion barely misses you.
You feel sick.
You feel sick.
You feel sick.
You feel sick.
You feel sick. The scorpion completely misses you.
You feel sick.
You feel sick.
You feel sick.
You feel sick.
There is a stone staircase leading up here.
The scorpion closely misses you.
You climb upwards.
You feel sick.
There is a stone staircase leading down here.
You feel sick. The scorpion stings you!
* * * LOW HITPOINT WARNING * * *
It was a potion of brilliance.
You feel clever all of a sudden. The scorpion stings you.
You die...

###########.# ##.### #######
#.# #.# #.# #.# #.# #.# #.#
#.# #.# #.# #.# #.#
##############.#####.######
...........#....@s........#
.#########.#.####.##.####.#
.# #.#.# #.##.####.### .#
#.#.# #.##.##.....##### .#
#####.#(####.##....###......
.# #....#..##...##.##.#
#.##### .#
#.###.####.####....###.# .#
#.# #.# #.# #..#.....# .#
#.# #.# #.# #..###..##


You could see a scorpion.

Vanquished Creatures
  Jessica (D:2)
  5 adders
  An ooze (D:1)
  3 worms (D:2)
  A leopard gecko (D:2)
  An orc (D:2)
  5 bats
  A giant cockroach (D:1)
  10 goblins
  3 hobgoblins
  5 jackals
  3 quokkas
  A ball python (D:1)
  4 frilled lizards
  7 kobolds
  6 rats
57 creatures vanquished.

Notes
Turn   | Place    | Note
-------+----------+-------------------------------------------
     0 | D:1      | Buncs the Octopode Assassin began the quest for the Orb.
     0 | D:1      | Reached XP level 1. HP: 14/14 MP: 1/1
    93 | D:1      | Reached XP level 2. HP: 18/19 MP: 2/2
   809 | D:2      | Noticed Jessica
   818 | D:2      | Gained mutation: You are agile. (Dex +2) [potion of mutation]
   818 | D:2      | Gained mutation: You are somewhat resistant to further mutation. [potion of mutation]
   820 | D:2      | Killed Jessica
   820 | D:2      | Reached XP level 3. HP: 9/25 MP: 3/3
  1038 | D:2      | Reached XP level 4. HP: 25/30 MP: 4/4
  1058 | D:2      | Reached skill level 6 in Stealth
  1721 | D:2      | Found a blossoming altar of Fedhas.
  2054 | D:3      | Reached XP level 5. HP: 36/36 MP: 5/5
  2757 | D:3      | Slain by a scorpion

Skill      XL: |  1  2  3  4 |
---------------+-------------+-----
Stealth        | 6 |  6.2
Short Blades   | 3 |  3.3
Dodging        | 2 |  2.0
Fighting       | 3 |  3.3
Throwing       | |  2.0

Action                   |  1- 3 |  4- 6 || total
-------------------------+-------+-------++-------
Melee: Dagger            |    37 |    80 ||   117
       Constrict         |    11 |    19 ||    30
       Tentacles         |     9 |    12 ||    21
  Use: Scroll            |     1 |     6 ||     7
       Potion            |     1 |     2 ||     3
 Stab: Sleeping          |     6 |    12 ||    18
  Eat: Bread ration      |       |     2 ||     2
Armor: Skin              |     2 |     8 ||    10
Dodge: Dodged            |    22 |    51 ||    73
